 Dungeon Crawl Stone Soup version 0.22.1-2-g9c5b331 (webtiles) character file.

506 nightchill the Chopper (level 7, 0/60 HPs)
             Began as a Ghoul Gladiator on Dec 20, 2018.
             Was a Follower of Okawaru.
             Slain by an orc warrior
             ... wielding a +0 glaive
              (19 damage)
             ... on level 4 of the Dungeon.
             The game lasted 00:10:38 (3285 turns).

nightchill the Chopper (Ghoul Gladiator)            Turns: 3285, Time: 00:10:39

Health: 0/60       AC:  8    Str: 18    XL:     7   Next: 18%
Magic:  7/8        EV: 14    Int:  5    God:    Okawaru [*.....]
Gold:   195        SH:  0    Dex: 10    Spells: 6/6 levels left

rFire    . . .     SeeInvis .   a - +1 war axe
rCold    + . .     Gourm    .   (no shield)
rNeg     + + +     Faith    .   l - +0 ring mail
rPois    ∞         Spirit   .   c - +1 helmet
rElec    .         Reflect  .   (no cloak)
rCorr    .         Harm     .   (no gloves)
MR       .....                  (no boots)
Stlth    ++........             (no amulet)
HPRegen  0.00/turn              j - +1 ring of slaying
MPRegen  0.11/turn              (no ring)

@: heroism, rotting
A: rotting body, claws 1, carnivore, cold resistance 1, negative energy
resistance 3, inhibited regeneration, torment resistance, unbreathing
a: Heroism, Renounce Religion


You were on level 4 of the Dungeon.
You worshipped Okawaru.
Okawaru was aware of your devotion.
You were not hungry.

You visited 1 branch of the dungeon, and saw 4 of its levels.

You collected 195 gold pieces.

Inventory:

Hand Weapons
 a - a +1 war axe (weapon)
 n - a +3 hand crossbow of velocity
Missiles
 d - 3 throwing nets
 e - 108 stones
 u - 15 tomahawks (quivered)
Armour
 b - a +0 leather armour
 c - a +1 helmet (worn)
 l - a +0 ring mail (worn)
Jewellery
 j - a +1 ring of slaying (left claw)
 r - an uncursed amulet of rage {unknown}
Wands
 p - a wand of random effects (16)
Scrolls
 g - 2 scrolls of enchant armour
 h - 2 scrolls of enchant weapon
 m - 4 scrolls of teleportation
 s - a scroll of blinking
 w - 2 scrolls of remove curse
 x - a scroll of amnesia
 y - a scroll of identify {unknown}
Potions
 k - a potion of might {unknown}
 o - a potion of magic {unknown}
 t - a potion of brilliance {unknown}
 v - a potion of berserk rage {unknown}
 z - a potion of ambrosia {unknown}
Comestibles
 f - 7 rations
 q - 4 chunks of flesh


   Skills:
 + Level 4.6(9.6) Fighting
 * Level 5.7(10.7) Axes
 - Level 1.7(6.7) Throwing
 - Level 2.6(7.6) Dodging
 + Level 3.0 Invocations


You had 6 spell levels left.
You didn't know any spells.
Your spell library was empty.

Dungeon Overview and Level Annotations

Branches:
Dungeon (4/15)             Temple (0/1) D:4

Altars:
Dithmenos
Fedhas
Okawaru

Shops:
D:4 [

Annotations:
D:2 exclusion: downstairs


Innate Abilities, Weirdness & Mutations

Your body is rotting away.
You thrive on raw meat.
You are immune to poison.
You have sharp fingernails.
You are carnivorous and can eat meat at any time.
Your flesh is cold resistant. (rC+)
You are immune to negative energy. (rN+++)
You do not regenerate when monsters are visible.
You are immune to unholy pain and torment.
You can survive without breathing.


Message History

The orc warrior is heavily wounded.
The orc warrior hits you with a glaive!!
You hit the orc warrior but do no damage.
The orc warrior is heavily wounded.
The orc warrior hits you but does no damage.
You hit the orc warrior but do no damage.
The orc warrior is heavily wounded.
The orc warrior misses you.
You hit the orc warrior.
The orc warrior is severely wounded.
You closely miss the orc warrior.
The orc warrior is severely wounded.
The orc warrior closely misses you.
You closely miss the orc warrior.
The orc warrior is severely wounded.
The orc warrior closely misses you.
You barely miss the orc warrior.
The orc warrior is severely wounded.
The orc warrior hits you with a glaive!!
You die...

#####......#..........########
...##...............#........#
.#..#####...........########.#
....####..#######.### #.....#
##.......## #.######.#####
##..####.### #.........#
..########.### #.........#
.<.#.....#...####....<....#
...#.....#....oo@.........#
#..#.....#####.###........#
...'..>..#####............#
####.....#.....<.#........# #
#.....#.......##...#####
####.....#.......##..##
...###'###.......o...# ####
#.............#..#
#####.......#.##.#


You could see an orc warrior and an orc.

Vanquished Creatures
  An ice beast (D:4)
  A sky beast (D:3)
  A howler monkey (D:3)
  A centaur skeleton (D:4)
  2 orc wizards (D:4)
  2 iguanas (D:4)
  A worker ant (D:4)
  3 adders
  An ooze (D:1)
  An adder skeleton (D:4)
  4 worms (D:2)
  2 dart slugs
  A leopard gecko (D:3)
  10 orcs
  A ball python (D:4)
  3 giant cockroaches
  4 goblins
  6 hobgoblins
  4 jackals
  A quokka (D:4)
  10 bats
  2 frilled lizards
  10 kobolds
  8 rats
80 creatures vanquished.

Notes
Turn   | Place    | Note
-------+----------+-------------------------------------------
     0 | D:1      | nightchill the Ghoul Gladiator began the quest for the Orb.
     0 | D:1      | Reached XP level 1. HP: 17/17 MP: 0/0
    99 | D:1      | Reached skill level 3 in Axes
   104 | D:1      | Reached XP level 2. HP: 12/25 MP: 1/1
   423 | D:1      | Reached XP level 3. HP: 30/30 MP: 2/2
  1010 | D:2      | Reached XP level 4. HP: 36/38 MP: 3/3
  1189 | D:2      | Reached skill level 4 in Axes
  1488 | D:3      | Found a blossoming altar of Fedhas.
  1492 | D:3      | Found an iron altar of Okawaru.
  1501 | D:3      | Became a worshipper of Warmaster Okawaru
  1674 | D:3      | Found a shadowy altar of Dithmenos.
  1702 | D:3      | Noticed a sky beast
  2189 | D:3      | Killed a sky beast
  2189 | D:3      | Reached skill level 1 in Invocations
  2189 | D:3      | Reached XP level 5. HP: 4/46 MP: 3/5
  2422 | D:3      | Reached XP level 6. HP: 49/52 MP: 6/6
  2751 | D:4      | Found a staircase to the Ecumenical Temple.
  2770 | D:4      | Reached skill level 5 in Axes
  2895 | D:4      | Noticed an ice beast
  2916 | D:4      | Killed an ice beast
  2916 | D:4      | Reached * piety under Okawaru
  3069 | D:4      | Reached XP level 7. HP: 53/60 MP: 8/8
  3090 | D:4      | Found Noan's Antique Armour Shoppe.
  3285 | D:4      | Slain by an orc warrior

Skill      XL: |  1  2  3  4  5  6  7 |
---------------+----------------------+-----
Axes           | 3 4 5 |  5.7
Fighting       | 3 4 |  4.6
Invocations    | 1 2 3 |  3.0
Throwing       | |  1.7
Dodging        | |  2.6

Action                   |  1- 3 |  4- 6 |  7- 9 || total
-------------------------+-------+-------+-------++-------
Melee: War axe           |   120 |   138 |    23 ||   281
Throw: Stone             |       |     2 |       ||     2
       Tomahawk          |       |    10 |       ||    10
Invok: Heroism           |       |       |     1 ||     1
  Use: Scroll            |       |     8 |       ||     8
       Potion            |       |     1 |     1 ||     2
  Eat: Chunk             |    23 |    13 |     3 ||    39
Armor: Leather armour    |     9 |       |       ||     9
       Ring mail         |    36 |    69 |     5 ||   110
Dodge: Dodged            |    86 |    89 |    19 ||   194
